 Dungeon Crawl Stone Soup version 0.27-a0-203-gd48b2df3c9 (webtiles) character file.

Game seed: 18397628217457790938

953 sanka the Covert (level 7, -10/35 HPs)
             Began as a Spriggan Enchanter on Jan 30, 2021.
             Was an Initiate of Ru.
             Killed by divine providence
             ... invoked by an orc priest
              (12 damage)
             ... on level 4 of the Dungeon.
             The game lasted 00:09:21 (6091 turns).

sanka the Covert (Spriggan Enchanter)               Turns: 6091, Time: 00:09:21

Health: -10/35     AC:  2    Str:  4    XL:     7   Next: 90%
Magic:  0/21       EV: 22    Int: 16    God:    Ru [......]
Gold:   256        SH:  0    Dex: 19    Spells: 3/12 levels left

rFire    . . .     SeeInvis +   a - +3 dagger (venom)
rCold    . . .     Faith    .   (shield restricted)
rNeg     . . .     Spirit   .   j - +0 robe
rPois    .         Reflect  .   (helmet restricted)
rElec    .         Harm     .   (no cloak)
rCorr    .         Rampage  .   (gloves unavailable)
Will     +....                  (boots unavailable)
Stlth    ++++......             (no amulet)
HPRegen  0.11/turn              (no ring)
MPRegen  0.17/turn              p - ring of magical power

@: very quick
A: very small, unfitting armour, see invisible, speed 3
a: Renounce Religion


You were on level 4 of the Dungeon.
You worshipped Ru.
Ru was noncommittal.
You visited 2 branches of the dungeon, and saw 6 of its levels.

You collected 256 gold pieces.


Innate Abilities, Weirdness & Mutations

You are very small and have problems with some larger weapons.
You are too small for most types of armour.
You have supernaturally acute eyesight. (SInv)
You cover ground extremely quickly.


   Skills:
 + Level 2.8 Fighting
 - Level 1.1 Short Blades
 + Level 6.1 Dodging
 - Level 8.0 Stealth
 - Level 3.0 Spellcasting
 - Level 8.0 Hexes


You had 3 spell levels left.
You knew the following spells:

 Your Spells              Type           Power        Failure   Level
x - Confusing Touch       Hex            28%          1%          3
z - Ensorcelled Hibernat  Hex/Ice        30%          5%          2
X - Tukima's Dance        Hex            28%          1%          3
Z - Corona                Hex            31%          1%          1

Your spell library contained the following spells:

 Spells                   Type           Power        Failure   Level
 Dazzling Flash           Conj/Hex       30%          11%         3

Inventory:

Hand Weapons
 a - a +3 dagger of venom (weapon)
 b - a +2 short sword of electrocution
Missiles
 v - a throwing net {=f}
Armour
 j - a +0 robe (worn)
Magical Staves
 o - an uncursed staff of conjuration {!a}
 w - an uncursed staff of death {unknown}
Jewellery
 p - a ring of magical power (right hand)
Wands
 s - a wand of enslavement (4)
Scrolls
 d - 2 scrolls of fear {unknown}
 h - 3 scrolls of enchant weapon {unknown}
 i - a scroll of enchant armour {unknown}
 k - a scroll of magic mapping {unknown}
 l - 4 scrolls of amnesia {unknown}
 m - 4 scrolls of remove curse {unknown}
 q - a scroll of blinking {unknown}
 r - 4 scrolls of identify {unknown}
 x - a scroll of immolation {unknown}
Potions
 c - 2 potions of brilliance {unknown}
 e - a potion of haste {unknown}
 f - a potion of attraction {unknown}
 g - a potion of invisibility {unknown}
 n - 4 potions of curing {unknown}
 t - a potion of magic {unknown}
 u - 3 potions of heal wounds {unknown}

Dungeon Overview and Level Annotations

Branches:
Dungeon (5/15)             Temple (1/1) D:4

Altars:
Ashenzari
Cheibriados
Elyvilon
Fedhas
Hepliaklqana
Makhleb
Nemelex Xobeh
Okawaru
Qazlal
Ru
Sif Muna
Trog
Wu Jian
Yredelemnul
The Shining One
Beogh

▒.▒ ▒▒▒▒▒.▒ ......▒
......▒ ▒▒▒▒▒▒
......▒▒▒▒▒▒▒▒▒▒▒ ▒....▒
..........▒.....▒ ▒.▒▒.▒
.....▒▒▒▒.▒..▒▒.▒▒▒.▒▒.▒
........▒.▒.....)...▒▒.▒
................i▒▒▒▒▒.▒
.▒▒▒...▒..▒....▒o▒<..▒.▒
.▒▒▒...▒....▒▒▒▒.▒▒▒.▒.▒
.▒▒..▒.▒.▒..▒▒▒▒.▒▒▒.▒.▒
......▒▒▒........▒...▒.▒
...▒...▒...▒..▒▒▒▒▒.▒▒.▒
....▒.....▒....▒▒ ▒....▒
.▒▒▒▒▒.>.▒▒▒▒▒..▒ ▒▒▒▒▒▒
....▒...(.▒....▒▒


You could see an orc priest.


Message History

The orc priest resists with some effort.
The orc priest completely misses you.
Aiming: Ensorcelled Hibernation (safe; 5% risk of failure)
Aim: an orc priest, wielding a +0 morningstar and wearing a +0 ring mail (chance to affect: 46%)
The orc priest resists with some effort.
The orc priest hits you with a +0 morningstar!
* * * LOW HITPOINT WARNING * * *
Aiming: Ensorcelled Hibernation (safe; 5% risk of failure)
Aim: an orc priest, wielding a +0 morningstar and wearing a +0 ring mail (chance to affect: 46%)
The orc priest resists with some effort.
The orc priest mumbles some strange prayers to Beogh against you.
Pain shoots through your body!
* * * LOW HITPOINT WARNING * * *
Aiming: Ensorcelled Hibernation (safe; 5% risk of failure)
Aim: an orc priest, wielding a +0 morningstar and wearing a +0 ring mail (chance to affect: 46%)
The orc priest resists with some effort.
The orc priest barely misses you.
Aiming: Ensorcelled Hibernation (safe; 5% risk of failure)
Aim: an orc priest, wielding a +0 morningstar and wearing a +0 ring mail (chance to affect: 46%)
The orc priest resists with some effort.
The orc priest misses you.
Aiming: Ensorcelled Hibernation (safe; 5% risk of failure)
Aim: an orc priest, wielding a +0 morningstar and wearing a +0 ring mail (chance to affect: 46%)
The orc priest resists with some effort.
Aiming: Ensorcelled Hibernation (safe; 5% risk of failure)
Aim: an orc priest, wielding a +0 morningstar and wearing a +0 ring mail (chance to affect: 46%)
The orc priest resists with some effort.
The orc priest invokes the aid of Beogh against you.
Beogh smites you!
You die...

Action                   |  1- 3 |  4- 6 |  7- 9 || total
-------------------------+-------+-------+-------++-------
Melee: Dagger            |    84 |    79 |    63 ||   226
       Short sword       |       |    51 |       ||    51
 Cast: Corona            |     6 |       |       ||     6
       Ensorcelled Hiber |    16 |    58 |    25 ||    99
       Confusing Touch   |       |     3 |     5 ||     8
 Stab: Sleeping          |    19 |    40 |    15 ||    74
       Confused          |       |     2 |     6 ||     8
       Distracted        |       |     2 |       ||     2
Armor: Robe              |    10 |     9 |     3 ||    22
Dodge: Dodged            |    62 |   105 |    53 ||   220

Levels and vault maps discovered:
D:1:      dpeg_arrival_pits, layout_loops_ring
D:2:      layout_loops_ring, lemuel_blue_sif_altar, makhleb_heckhound_becter,
          chequers_ecumenical_altar_simple
D:3:      layout_rooms, nicolae_overflow_hidden_temple, serial_undead,
          serial_undead_c, serial_undead_a, serial_undead_f, serial_undead_c,
          kennysheep_orc_chapel, uniq_sigmund, uniq_ijyb
D:4:      minmay_general_purpose_star, layout_basic, kennysheep_little_box,
          minmay_temple_entry_arrows, hangedman_abyss_or_decor_lesser_grid,
          okawaru_trees_1
D:5:      lemuel_upstairs_altar, layout_loops_ring
Temple:   minmay_temple_curvy_loop

Notes
Turn   | Place    | Note
-------+----------+-------------------------------------------
     0 | D:1      | sanka the Spriggan Enchanter began the quest for the Orb.
     0 | D:1      | Reached XP level 1. HP: 9/9 MP: 5/5
   109 | D:1      | Reached skill level 5 in Stealth
   236 | D:1      | Reached XP level 2. HP: 5/13 MP: 4/6
   239 | D:1      | Learned a level 2 spell: Ensorcelled Hibernation
   770 | D:1      | Reached skill level 6 in Stealth
  1201 | D:2      | Found a burning altar of Makhleb.
  1268 | D:2      | Reached skill level 7 in Stealth
  1268 | D:2      | Reached XP level 3. HP: 16/16 MP: 5/8
  1507 | D:2      | Reached XP level 4. HP: 21/21 MP: 9/9
  1631 | D:2      | Reached skill level 8 in Stealth
  1895 | D:2      | Found a faded altar of an unknown god.
  2362 | D:2      | Found a shimmering blue altar of Sif Muna.
  2414 | D:2      | Reached skill level 3 in Spellcasting
  2416 | D:2      | Reached skill level 4 in Hexes
  2551 | D:3      | Learned a level 3 spell: Confusing Touch
  2555 | D:3      | Learned a level 3 spell: Tukima's Dance
  2659 | D:3      | Found a roughly hewn altar of Beogh.
  2787 | D:3      | Reached XP level 5. HP: 24/24 MP: 10/10
  3061 | D:3      | Noticed Sigmund
  3297 | D:3      | Killed Sigmund
  3298 | D:3      | Reached skill level 6 in Hexes
  3298 | D:3      | Reached XP level 6. HP: 28/28 MP: 11/11
  3321 | D:3      | Noticed Ijyb
  3353 | D:3      | Killed Ijyb
  3512 | D:3      | Reached skill level 7 in Hexes
  4343 | D:3      | Reached skill level 8 in Hexes
  4421 | D:3      | Reached XP level 7. HP: 32/32 MP: 12/12
  4788 | D:4      | Found a staircase to the Ecumenical Temple.
  4809 | Temple   | Entered the Ecumenical Temple
  5024 | Temple   | Became a worshipper of Ru the Awakened
  5052 | D:4      | Reached skill level 1 in Fighting
  5052 | D:4      | Reached skill level 4 in Dodging
  5200 | D:4      | Found an iron altar of Okawaru.
  5408 | D:4      | Found a basalt altar of Yredelemnul.
  5468 | D:4      | Reached skill level 2 in Fighting
  5468 | D:4      | Reached skill level 5 in Dodging
  5559 | D:4      | Reached skill level 6 in Dodging
  5902 | D:5      | Entered Level 5 of the Dungeon
  6087 | D:4      | HP: 2/35 [orc priest/nerve-wracking pain (11)]
  6091 | D:4      | Killed from afar by an orc priest

Vanquished Creatures
  Sigmund (D:3)
  A phantom (D:4)
  2 ogres (D:4)
  3 hounds
  A bullfrog skeleton (D:4)
  2 orc priests
  Ijyb (D:3)
  A centaur skeleton (D:4)
  2 orc wizards (D:3)
  A hound skeleton (D:3)
  5 adders
  3 gnolls (D:3)
  2 white imps
  An ufetubus (D:5)
  An ooze (D:3)
  An adder zombie (D:3)
  An adder skeleton (D:3)
  4 worms
  4 dart slugs
  4 leopard geckos
  20 orcs
  5 bats
  5 giant cockroaches
  3 goblins
  13 hobgoblins
  4 jackals (D:2)
  4 frilled lizards
  A jackal zombie (D:3)
  6 kobolds
  A quokka skeleton (D:4)
  10 rats
113 creatures vanquished.

Vanquished Creatures (others)
  3 withered plants (D:3)
3 creatures vanquished.

Grand Total: 116 creatures vanquished
